 Dungeon Crawl Stone Soup version 0.29.1-12-g30fa7ad0bf (webtiles) character file.

Game seed: 4956872677706153277

8990 croobank the Blocker (level 11, -4/100 HPs)
             Began as a Minotaur Fighter on Dec 24, 2022.
             Was a Believer of Qazlal.
             Killed from afar by a black draconian knight (25 damage)
             ... with a bolt of lightning
             ... on level 3 of the Abyss.
             The game lasted 00:31:29 (10175 turns).

croobank the Blocker (Minotaur Fighter)            Turns: 10175, Time: 00:31:30

Health: -4/100     AC: 25    Str: 27    XL:     11   Next: 17%
Magic:  10/15      EV:  7    Int:  5    God:    Qazlal [**....]
Gold:   270        SH: 12    Dex: 11    Spells: 10/10 levels left

rFire   + + .      SeeInvis +   a - +0 war axe (freeze)
rCold   . . .      Faith    .   c - +2 buckler
rNeg    + . .      Spirit   .   r - +2 plate armour {rF+}
rPois   .          Reflect  .   J - +2 hat
rElec   .          Harm     .   (no cloak)
rCorr   .          Rampage  .   R - +0 pair of gloves
Will    .....                   j - +0 pair of boots
Stlth   ..........              F - amulet of regeneration
HPRegen 0.00/turn               E - +4 ring of protection
MPRegen 0.14/turn               x - ring of Egomania {rF+ rN+ Str+3 SInv}

@: sick
A: horns 2, retaliatory headbutt
a: Renounce Religion, Upheaval


You were on level 3 of the Abyss.
You worshipped Qazlal.
Qazlal was pleased with you.
You visited 2 branches of the dungeon, and saw 11 of its levels.
You visited the Abyss 1 time.
You also visited: Bailey.

You collected 486 gold pieces.
You spent 216 gold pieces at shops.

Inventory:

Hand Weapons
 a - a +0 war axe of freezing (weapon)
 f - a +3 scimitar of flaming
 u - a +0 scimitar
 v - a +0 halberd of venom
 A - a +0 hand axe of holy wrath
 C - a +2 dagger of electrocution
 H - a +2 morningstar of freezing
 L - a +0 bardiche
Missiles
 X - 5 curare-tipped darts (quivered)
Armour
 c - a +2 buckler (worn)
 j - a +0 pair of boots (worn)
 r - a +2 plate armour of fire resistance (worn)
 I - +1 swamp dragon scales
 J - a +2 hat (worn)
 R - a +0 pair of gloves (worn)
Jewellery
 l - a ring of resist corrosion
 o - an amulet of faith
 x - the ring of Egomania (right hand) {rF+ rN+ Str+3 SInv}
   (You acquired it on level 9 of the Dungeon)

   [ring of positive energy]

   Str:       It affects your strength (+3).
   rF:        It protects you from fire.
   rN:        It protects you from negative energy.
   SInv:      It lets you see invisible.
 y - an amulet of guardian spirit
 E - a +4 ring of protection (left hand)
 F - an amulet of regeneration (around neck)
 W - a +6 ring of dexterity
Wands
 i - a wand of polymorph (2)
 s - a wand of charming (10)
 V - a wand of iceblast (2)
Scrolls
 b - 3 scrolls of fear
 d - 2 scrolls of vulnerability
 e - 2 scrolls of amnesia
 h - a scroll of torment
 q - 6 scrolls of teleportation
 D - 2 scrolls of poison
 G - 2 scrolls of fog
 M - 3 scrolls of enchant weapon
 N - 5 scrolls of enchant armour
 O - a scroll of brand weapon
 P - a scroll of summoning
 Q - 2 scrolls of identify
Potions
 g - 3 potions of mutation
 k - 5 potions of brilliance
 m - 3 potions of curing
 p - a potion of cancellation
 t - a potion of lignification
 w - a potion of resistance
 z - 5 potions of magic
 B - a potion of attraction
 K - 2 potions of invisibility
 S - a potion of flight {unknown}
 T - a potion of heal wounds {unknown}


   Skills:
 + Level 10.2 Fighting
 + Level 9.9 Axes
 + Level 10.3 Armour
 + Level 10.3 Shields
 + Level 7.0 Invocations


You had 10 spell levels left.
You didn't know any spells.
Your spell library contained the following spells:

 Spells                   Type           Power      Damage    Failure   Level
 Foxfire                  Conj/Fire      0%         2x1d4     99%         1
 Necrotise                Necr           0%         1d4       99%         1
 Shock                    Conj/Air       0%         1d3       99%         1
 Slow                     Hex            0%         N/A       99%         1
 Poisonous Vapours        Pois/Air       0%         N/A       100%        2
 Confusing Touch          Hex            0%         N/A       100%        3
 Conjure Flame            Conj/Fire      0%         6-21      100%        3
 Gell's Gravitas          Tloc           0%         N/A       100%        3
 Inner Flame              Hex/Fire       0%         N/A       100%        3
 Swiftness                Air            0%         N/A       100%        3
 Teleport Other           Tloc           0%         N/A       100%        3
 Vampiric Draining        Necr           0%         2d6       100%        3
 Airstrike                Air            0%         2d(0-16)  100%        4
 Cause Fear               Hex            0%         N/A       100%        4
 Corpse Rot               Necr/Pois/Air  0%         N/A       100%        4
 Flame Wave               Conj/Fire      0%         2d4       100%        4
 Agony                    Necr           0%         N/A       100%        5
 Dispersal                Tloc           0%         N/A       100%        6
 Dragon Form              Tmut           0%         N/A       100%        7
 Dragon's Call            Summ           0%         N/A       100%        9


Dungeon Overview and Level Annotations

Branches:
Dungeon (10/15)            Temple (1/1) D:5             Orc (0/2) D:9
 Bailey (visited)
   Lair: D:8-11

Altars:
Elyvilon
Fedhas
Kikubaaqudgha
Makhleb
Qazlal
Wu Jian
Zin
The Shining One

Shops:
D:5 *   D:9 ?

Annotations:
D:9 2 transporters, wormed's ghost, novice TrGl
D:10 Erolcha


Innate Abilities, Weirdness & Mutations

You have a pair of horns on your head.
You reflexively headbutt those who attack you in melee.


Message History

The black draconian knight hits your air elemental with a +0 great mace!
What are your orders? t - Shout!
Orders for allies: a - Attack new target. r - Retreat! s - Stop attacking. g - Guard the area. f - Follow me.
Anything else - Cancel.
Gang up on whom?
Press: ? - help, Dir - move target, f - black draconian knight
Aim: a black draconian knight, wielding a +0 great mace and wearing a +0 cloak (purple smoke, slightly transparent, ally target) Attack!
Your air elemental barely misses the black draconian knight.
Your air elemental hits the black draconian knight!
Your air elemental hits the black draconian knight. x3
Your air elemental hits the black draconian knight but does no damage. x2
Your air elemental closely misses the black draconian knight.
The black draconian knight mumbles some strange words.
The black draconian knight seems to speed up.
Your air elemental hits the black draconian knight!
Your air elemental hits the black draconian knight but does no damage.
Your air elemental hits the black draconian knight.
Your air elemental closely misses the black draconian knight.
What are your orders? t - Shout!
Orders for allies: a - Attack new target. p - Attack previous target. r - Retreat! s - Stop attacking. g - Guard the area. f - Follow me.
Anything else - Cancel.
Gang up on whom?
Press: ? - help, Dir - move target, f/p - black draconian knight
Aim: a black draconian knight, wielding a +0 great mace and wearing a +0 cloak (purple smoke, moderately wounded, fast, slightly transparent, ally target) Attack!
Your air elemental closely misses the black draconian knight.
Your air elemental hits the black draconian knight!
Your air elemental hits the black draconian knight. x2
The black draconian knight breathes lightning at you.
The bolt of lightning hits your air elemental.
Your air elemental completely resists.
The bolt of lightning hits you!!
You die...

####....# ###
.#
#.#.##.###.#
#..
#..#..#.#.#
#.. #
#.......# .
##. .§§§..# ##
#...§Eq#. ##.#
##.#EEE##...#
# ###.§§§.#.#
#§.#§§@§§§..##
#. ####§##..#
..#.#### ###
##


You could see a black draconian knight (fast, invisible, catching breath, ally
target) and 4 friendly air elementals.

Vanquished Creatures
  Gastronok (D:8)
  Erica (D:10)
  Nergalle (D:10)
  Sonja (D:10)
  Maggie (D:7)
  A troll (D:8)
  Grinder (D:4)
  A harpy skeleton (Abyss:3)
  3 yaks (D:9)
  A wyvern (D:10)
  A steam dragon (D:4)
  3 water moccasins
  Duvessa (D:6)
  3 black bears
  12 orc warriors
  An ice beast (D:5)
  A wolf (D:8)
  An ogre (D:5)
  3 kobold brigands
  2 bullfrogs
  2 scorpions
  2 necrophages
  2 gnoll sergeants (D:4)
  2 wights (Abyss:3)
  Dowan (D:6)
  5 killer bees (D:10)
  2 jellies
  12 hounds
  5 orc priests
  2 gnoll boudas
  4 iguanas
  4 orc wizards
  7 adders
  21 gnolls
  3 shadow imps
  An ufetubus (D:5)
  3 worms
  A dart slug (D:2)
  44 orcs
  7 ball pythons
  6 endoplasms
  2 giant cockroaches
  10 goblins
  7 hobgoblins
  4 jackals (D:1)
  6 quokkas
  7 bats
  4 frilled lizards
  22 kobolds
  7 rats
245 creatures vanquished.

Vanquished Creatures (collateral kills)
  An ancient zyme (Abyss:3)
  2 orc warriors (Bailey)
  A white imp (Abyss:3)
4 creatures vanquished.

Grand Total: 249 creatures vanquished

Notes
Turn   | Place    | Note
-------+----------+-------------------------------------------
     0 | D:1      | croobank the Minotaur Fighter began the quest for the Orb.
     0 | D:1      | Reached XP level 1. HP: 19/19 MP: 0/0
   145 | D:1      | Found a faded altar of an unknown god.
   266 | D:1      | Reached XP level 2. HP: 22/27 MP: 1/1
   831 | D:2      | Reached XP level 3. HP: 33/33 MP: 2/2
  1400 | D:2      | Reached XP level 4. HP: 40/40 MP: 3/3
  1949 | D:3      | You fall into a shaft and drop 3 floors!
  1987 | D:6      | Noticed a black bear
  2003 | D:6      | Killed a black bear
  2004 | D:6      | Reached skill level 5 in Fighting
  2004 | D:6      | Reached skill level 5 in Armour
  2004 | D:6      | Reached XP level 5. HP: 19/48 MP: 4/4
  2186 | D:5      | Entered Level 5 of the Dungeon
  2186 | D:5      | Found Foajop's Lightly-Used Armoury.
  2404 | D:5      | Reached skill level 5 in Shields
  2434 | D:5      | Reached XP level 6. HP: 50/56 MP: 5/5
  2715 | D:5      | Noticed an ice beast
  2721 | D:5      | Killed an ice beast
  2722 | D:5      | Reached skill level 5 in Axes
  2722 | D:5      | Reached XP level 7. HP: 58/62 MP: 6/6
  2723 | D:5      | Found a staircase to the Ecumenical Temple.
  2733 | Temple   | Entered the Ecumenical Temple
  2757 | Temple   | Became a worshipper of Qazlal Stormbringer
  3283 | D:4      | Noticed Grinder
  3296 | D:4      | Killed Grinder
  3297 | D:4      | Reached skill level 1 in Invocations
  3401 | D:4      | Reached * piety under Qazlal
  3744 | D:4      | Reached XP level 8. HP: 18/71 MP: 8/8
  6405 | D:6      | Noticed Duvessa
  6405 | D:6      | Noticed Dowan
  6417 | D:6      | Killed Duvessa
  6423 | D:6      | Killed Dowan
  6424 | D:6      | Reached XP level 9. HP: 32/79 MP: 10/10
  6696 | D:6      | Reached ** piety under Qazlal
  7232 | D:7      | Noticed Maggie
  7261 | D:7      | Killed Maggie
  8079 | D:8      | Noticed Gastronok
  8098 | D:8      | Killed Gastronok
  8099 | D:8      | Reached skill level 5 in Invocations
  8099 | D:8      | Reached XP level 10. HP: 48/90 MP: 12/12
  8387 | D:9      | Identified a scroll of acquirement
  8387 | D:9      | Acquired the ring of Egomania {rF+ rN+ Str+3 SInv}
  8452 | D:9      | Found a transporter.
  8480 | D:9      | Noticed wormed's ghost (novice TrGl)
  8560 | D:9      | Found a transporter.
  8564 | D:9      | Found a staircase to the Orcish Mines.
  8626 | D:9      | Found Iluseu's Magic Scroll Boutique.
  8714 | D:9      | Found a flagged portal.
  8726 | Bailey   | Entered a bailey
  9313 | D:9      | Bought a scroll of identify for 24 gold pieces
  9313 | D:9      | Bought a scroll of identify for 24 gold pieces
  9313 | D:9      | Bought a scroll of fog for 48 gold pieces
  9313 | D:9      | Bought a scroll of poison for 48 gold pieces
  9313 | D:9      | Bought a scroll of fog for 48 gold pieces
  9313 | D:9      | Bought a scroll of identify for 24 gold pieces
  9519 | D:10     | Entered Level 10 of the Dungeon
  9554 | D:10     | Noticed Erica
  9566 | D:10     | Killed Erica
  9764 | D:10     | Noticed Nergalle
  9774 | D:10     | Reached skill level 10 in Armour
  9774 | D:10     | Reached skill level 10 in Shields
  9792 | D:10     | Killed Nergalle
  9793 | D:10     | Reached skill level 10 in Fighting
  9793 | D:10     | Reached XP level 11. HP: 33/97 MP: 13/15
  9936 | D:10     | Noticed Sonja
  9938 | D:10     | Killed Sonja
  9952 | D:10     | Reached *** piety under Qazlal
  9984 | D:10     | Noticed Erolcha
  9993 | Abyss:2  | Cast into level 2 of the Abyss (Erolcha)
 10051 | Abyss:2  | Noticed a deep elf sorcerer
 10114 | Abyss:3  | Noticed an orange crystal statue
 10115 | Abyss:3  | Noticed a glowing orange brain
 10119 | Abyss:3  | Noticed a starcursed mass
 10121 | Abyss:3  | Noticed a white very ugly thing
 10151 | Abyss:3  | Noticed a black draconian knight
 10175 | Abyss:3  | Killed from afar by a black draconian knight

Illustrated notes

Levels and vault maps discovered:
D:1:      minmay_arrival_semitransparent, layout_basic, basic_ecumenical_altar
D:2:      layout_loops_ring, minmay_misc_feat_doors
D:3:      layout_basic
D:4:      layout_basic, dreamdust_gnoll_farm, uniq_grinder
D:5:      layout_gridville, minmay_temple_entry_statues_fountains,
          reono_crystal_passage, eino_tiny_chamber, minmay_shop_damaged,
          minmay_crystal_water, dk_noncrumbling_4, lemuel_flame_loot_1
D:6:      layout_basic, uniq_duvessa
D:7:      layout_basic, uniq_maggie
D:8:      layout_loops_corners, erik_lair_island, uniq_pikel, uniq_gastronok
D:9:      layout_loops_cross, orc_0_dummy, serial_shops, shop, enter_bailey_3,
          nzn_ghost_randoct, chequers_serial_rivers_micro_e,
          dreamdust_princess_bridge
D:10:     layout_irregular_city, minitemple, nicolae_shop_fire_sale
          [nicolae_sub_dead_trees], uniq_maurice, uniq_nergalle, uniq_erica,
          uniq_erolcha, uniq_sonja
Temple:   nicolae_temple_bog_church
Abyss:3:  base: D:8, doesnt_abyss_rune_brain_food,
          hangedman_grunt_abyss_rune_horror_hoard

Skill      XL: |  1  2  3  4  5  6  7  8  9 10 11 |
---------------+----------------------------------+-----
Armour         | 4 5 6 7 8 10 | 10.3
Shields        | 4 5 6 7 8 10 | 10.3
Fighting       | 4 5 6 7 8 10 | 10.2
Axes           | 3 4 5 7 8 9 |  9.9
Invocations    | 2 3 5 6 7 |  7.0

Action                   |  1- 3 |  4- 6 |  7- 9 | 10-12 || total
-------------------------+-------+-------+-------+-------++-------
Melee: War axe           |    97 |    77 |   231 |   217 ||   622
       Headbutt          |     7 |    12 |    47 |    53 ||   119
       Unarmed           |       |       |    16 |       ||    16
Throw: Throwing net      |       |       |     4 |     6 ||    10
Invok: Upheaval          |       |       |       |     1 ||     1
       Elemental Force   |       |       |       |     1 ||     1
Evoke: Wand              |       |       |     5 |     8 ||    13
  Use: Scroll            |       |       |    18 |     9 ||    27
       Potion            |       |       |     1 |     3 ||     4
Armor: Scale mail        |    61 |       |       |       ||    61
       Plate armour      |     2 |    75 |   148 |   146 ||   371
       Skin              |       |       |     1 |       ||     1
Dodge: Dodged            |    46 |    30 |    81 |    88 ||   245
Block: Buckler           |    26 |    21 |    75 |   110 ||   232
       Other             |       |       |     1 |       ||     1
